 Dungeon Crawl Stone Soup version 0.18-a0-1577-gf591c28 (webtiles) character file.

3080 M4edhros the Martial Artist (level 9, -1/42 HPs)
             Began as a Vine Stalker Transmuter on Mar 19, 2016.
             Slain by a wyvern (14 damage)
             ... on level 8 of the Dungeon on Mar 20, 2016.
             The game lasted 00:19:31 (8604 turns).

M4edhros the Martial Artist (VSTm)                  Turns: 8604, Time: 00:19:31

Health: -1/42      AC:  5    Str: 12    XL:     9   Next: 89%
Magic:  0/13       EV: 13    Int: 16    God:    Xom [*.....]
Gold:   418        SH:  0    Dex: 16    Spells: 5 memorised, 0 levels left

rFire  . . .     SeeInvis .       - Unarmed
rCold  . . .     Gourm    .     j - +1 troll leather armour
rNeg   . . .     Faith    .     (no shield)
rPois  +         Spirit   +     (no helmet)
rElec  .         Dismiss  .     (no cloak)
rCorr  .         Reflect  .     (no gloves)
SustAt .         Harm     .     (no boots)
MR     +++..                    (no amulet)
Stlth  +.........               K - ring of poison resistance
                                L - ring of protection from magic

@: about to teleport, extremely resistant to hostile enchantments, very
unstealthy
A: fangs 3, hooves 1, frail 1, magic resistance 1, regeneration 3, evolution 1,
magic shield, antimagic bite, no device heal 3, rot immunity
a: Renounce Religion


You were on level 8 of the Dungeon.
You worshipped Xom.
You were a special plaything of Xom.
You were near starving.

You visited 2 branches of the dungeon, and saw 9 of its levels.
You also visited: Ossuary.

You collected 418 gold pieces.

Inventory:

Hand Weapons
 i - a +0 hunting sling
 m - a +2 spear of freezing
 C - a +1 mace of protection
Missiles
 a - 97 arrows
 f - 299 stones (quivered)
 g - 38 sling bullets
 H - 16 arrows of frost
 J - 3 javelins
Armour
 b - a +0 pair of boots
 j - a +1 troll leather armour (worn)
 N - a +0 large shield
Jewellery
 x - an uncursed ring of see invisible
 K - a ring of poison resistance (right hand)
 L - a ring of protection from magic (left hand)
Wands
 F - a wand of lightning (5/15)
 M - a wand of flame (29/48)
 O - a wand of paralysis (9/24)
Scrolls
 h - 3 scrolls of remove curse
 l - 5 scrolls of teleportation
 p - 2 scrolls of enchant weapon
 t - 2 scrolls of amnesia
 u - a scroll of noise
 v - a scroll of immolation
 y - 3 scrolls of identify
 B - a scroll of recharging
 I - a scroll of fear
Potions
 e - 4 potions of haste {unknown}
 n - 3 potions of berserk rage {unknown}
 o - 3 potions of flight
 q - 6 potions of degeneration {unknown}
 s - a potion of magic {unknown}
 w - a potion of curing {unknown}
 z - a potion of cancellation {unknown}
 A - 2 potions of brilliance {unknown}
 D - a potion of resistance {unknown}
Books
 c - a book of Changes

   Spells                             Type                      Level
   a - Beastly Appendage              Transmutation                1
   b - Sticks to Snakes               Transmutation                2
   c - Spider Form                    Transmutation/Poison         3
   d - Ice Form                       Ice/Transmutation            4
   e - Blade Hands                    Transmutation                5
 r - a book of Air

   Spells                             Type                      Level
   a - Shock                          Conjuration/Air              1
   b - Swiftness                      Charms/Air                   2
   c - Repel Missiles                 Charms/Air                   2
   d - Static Discharge               Conjuration/Air              3
   e - Lightning Bolt                 Conjuration/Air              5
Comestibles
 d - 3 bread rations
 k - 6 meat rations
 G - 3 fruits


   Skills:
 - Level 5.0 Fighting
 * Level 3.2 Dodging
 * Level 9.2 Unarmed Combat
 - Level 2.1 Spellcasting
 + Level 2.7 Charms
 * Level 7.2 Transmutations
 + Level 2.2 Air Magic


You couldn't memorise any spells.
You knew the following spells:

 Your Spells              Type           Power        Failure   Level  Hunger
a - Beastly Appendage     Trmt           ###...       1%          1    #......
b - Swiftness             Chrm/Air       #.......     14%         2    ###....
c - Repel Missiles        Chrm/Air       #.....       14%         2    ###....
d - Sticks to Snakes      Trmt           ###.....     1%          2    ###....
e - Blade Hands           Trmt           ###.......   38%         5    ######.


Dungeon Overview and Level Annotations

Branches:
Dungeon (8/15)             Temple (1/1) D:7
   Lair: D:8-11

Altars:
Ashenzari
Cheibriados
Dithmenos
Elyvilon
Fedhas
Kikubaaqudgha
Makhleb
Nemelex Xobeh
Okawaru
Pakellas
Qazlal
Ru
Sif Muna
Trog
Vehumet
Xom
Yredelemnul
Zin
The Shining One

Shops:
D:7 =[

Annotations:
D:6 exclusions: electric eel and 1 more exclusion


Innate Abilities, Weirdness & Mutations

You have razor-sharp teeth.
You regenerate.
When hurt, damage is shared between your health and your magic reserves.
Your bite disrupts and absorbs the magic of your enemies.
Potions and wands cannot restore your health.
You are immune to rotting.
You have large cloven feet.
You are frail (-10% HP).
You are resistant to hostile enchantments.
You evolve.


Message History

Something bites you but does no damage.
Okay, then.
Evoke which item? (* to show all) (? for menu, Esc to quit)
Okay, then.
Read which item? (? for menu, Esc to quit)
Okay, then.
Evoke which item? (* to show all) (? for menu, Esc to quit)
Zapping:
O - a wand of paralysis (will waste charges)
Press: ? - help, Shift-Dir - straight line, f - wyvern
Aim: a wyvern (chance to defeat MR: 46%) Nothing appears to happen.
Evoking this partially-identified wand wasted a few charges.
Something bites you!
* * * LOW HITPOINT WARNING * * *
Xom is interested.
Read which item? (? for menu, Esc to quit)
As you read the scroll of teleportation, it crumbles to dust.
You feel strangely unstable. Something bites you. Something bites you!
You die...
Xom laughs nastily!

#.#####.##....#.......# #.......#
#.# #.##.##.#..#.##.# #####.###
#.# #....##.#..#.##.# #...# ..#
#.......#..#.##.### #...#
..#####.......#..#......# #...#
#...........#.#.....#.#.####...##
.....##.....#.#.......#..........
...####.....#.##....#............
#..####.....#.##@#.##.#..........
..............##.#.##.#.##.#####.
...######.....##l#......##.# #.
#### #.....##.###...###l# #. ####
##..............# #.# #. .[.#
##.......#.###...# #.#####. ##.#
#.#.....#..# ##### #.......
#.#####.#.#.#.##############.###
#........###.## #.......##......


You could see a wyvern.

Vanquished Creatures
  Grinder (D:4)
  Sigmund (D:2)
  A hungry ghost (D:8)
  A hippogriff (D:8)
  A water moccasin (D:8)
  A sky beast (D:5)
  3 black bears
  A necrophage (D:5)
  3 ice beasts
  2 ogres
  A phantom (D:7)
  2 centaurs (D:7)
  A troll zombie (Ossuary)
  A howler monkey (D:5)
  4 centaur zombies
  A crimson imp (D:5)
  2 giant frog zombies
  A gnoll shaman (D:6)
  3 jellies
  3 orc wizards
  3 hounds
  A giant frog skeleton (D:6)
  3 worker ants
  Natasha (thrice) (D:2)
  A big kobold zombie (Ossuary)
  3 ogre zombies (Ossuary)
  7 mummies (Ossuary)
  2 hound zombies
  3 hound skeletons
  4 adders
  3 gnolls (D:6)
  3 shadow imps
  3 adder skeletons
  5 adder zombies
  A worm (D:2)
  3 dart slugs
  4 giant geckos
  11 orcs
  A ball python (D:2)
  6 bats
  4 giant cockroaches
  2 gnoll zombies (Ossuary)
  7 hobgoblins
  8 jackals
  4 quokkas
  A giant gecko zombie (D:7)
  5 giant newts
  4 goblins
  4 goblin zombies (Ossuary)
  5 hobgoblin zombies (Ossuary)
  5 kobolds
  3 kobold zombies (Ossuary)
  2 quokka zombies (Ossuary)
  14 rats
  4 rat zombies (Ossuary)
176 creatures vanquished.

Notes
Turn   | Place    | Note
--------------------------------------------------------------
     0 | D:1      | M4edhros the Vine Stalker Transmuter began the quest for the Orb.
     0 | D:1      | Reached XP level 1. HP: 9/9 MP: 4/4
   222 | D:1      | Reached XP level 2. HP: 14/14 MP: 4/6
   543 | D:1      | Gained mutation: You are frail (-10% HP). [potion of mutation]
   543 | D:1      | Gained mutation: You heal very quickly. [potion of mutation]
   543 | D:1      | Gained mutation: You have large cloven feet. [potion of mutation]
   845 | D:2      | Noticed Natasha
   847 | D:2      | Noticed a crimson imp
   863 | D:2      | Killed Natasha
   863 | D:2      | Reached skill level 4 in Unarmed Combat
   863 | D:2      | Reached XP level 3. HP: 1/15 MP: 0/7
   889 | D:2      | Noticed Natasha
  1161 | D:2      | Reached XP level 4. HP: 18/18 MP: 8/8
  1172 | D:2      | Noticed Sigmund
  1272 | D:2      | Killed Natasha
  1314 | D:2      | Noticed Natasha
  1338 | D:2      | Killed Natasha
  1453 | D:2      | Found a shattered altar of Ashenzari.
  1489 | D:2      | Reached XP level 5. HP: 22/22 MP: 9/9
  1567 | D:2      | Killed Sigmund
  1567 | D:2      | Reached skill level 5 in Unarmed Combat
  1567 | D:2      | Gained mutation: You regenerate. [Vine Stalker growth]
  1567 | D:2      | Reached XP level 6. HP: 11/26 MP: 4/10
  1793 | D:2      | Found a sparkling altar of Nemelex Xobeh.
  1877 | D:2      | Reached skill level 1 in Fighting
  2190 | D:3      | Learned a level 2 spell: Swiftness
  2193 | D:3      | Learned a level 2 spell: Repel Missiles
  2470 | D:3      | Reached skill level 6 in Unarmed Combat
  2892 | D:4      | Found a sand-covered staircase.
  3016 | Ossuary  | Entered an ossuary
  3079 | Ossuary  | Reached XP level 7. HP: 27/30 MP: 11/11
  3244 | Ossuary  | Learned a level 2 spell: Sticks to Snakes
  3298 | Ossuary  | Gained mutation: You are resistant to hostile enchantments. [potion of mutation]
  3298 | Ossuary  | Gained mutation: You evolve. [potion of mutation]
  3298 | Ossuary  | Gained mutation: You are very frail (-20% HP). [potion of mutation]
  3954 | D:4      | Found a snail-covered altar of Cheibriados.
  3954 | D:4      | Found an iron altar of Okawaru.
  4140 | D:4      | Noticed Grinder
  4159 | D:4      | Killed Grinder
  4159 | D:4      | Reached skill level 7 in Unarmed Combat
  4159 | D:4      | Reached skill level 5 in Transmutations
  4159 | D:4      | Gained mutation: You have razor-sharp teeth. [Vine Stalker growth]
  4159 | D:4      | Reached XP level 8. HP: 21/32 MP: 8/12
  4336 | D:5      | Entered Level 5 of the Dungeon
  4424 | D:5      | Paralysed by fainting for 8 turns
  4642 | D:5      | Found an oddly glowing altar of Pakellas.
  5260 | D:6      | Reached skill level 8 in Unarmed Combat
  5354 | D:6      | Reached skill level 5 in Fighting
  5385 | D:6      | Reached XP level 9. HP: 14/37 MP: 4/13
  5497 | D:5      | Reached skill level 1 in Charms
  5568 | D:6      | Found a bloodstained altar of Trog.
  5892 | D:6      | Reached skill level 1 in Air Magic
  5973 | D:6      | Found a deep blue altar of Sif Muna.
  6474 | D:7      | Found a staircase to the Ecumenical Temple.
  6481 | D:7      | Found Weniosos's Jewellery Emporium.
  6597 | D:7      | Found Jot Cetu's Antique Armour Shop.
  6839 | Temple   | Entered the Ecumenical Temple
  7013 | Temple   | Became a worshipper of Xom of Chaos
  7107 | Temple   | XOM: harmless Chrm miscast
  7143 | Temple   | XOM: colour smoke trail
  7358 | D:7      | Found a blossoming altar of Fedhas.
  7374 | D:7      | XOM: silly message
  7473 | D:8      | Reached skill level 9 in Unarmed Combat
  7641 | D:8      | Lost mutation: You are very frail (-20% HP). [evolution]
  7743 | D:8      | XOM: smoke on damage
  7761 | D:8      | XOM: medium Ice miscast
  7812 | D:8      | XOM: 2-stop teleportation journey
  8482 | D:8      | Learned a level 5 spell: Blade Hands
  8592 | D:8      | XOM: enchant monster (bad)
  8604 | D:8      | Slain by a wyvern

Vault maps used:
D:1:      elethiomel_arrival_maze
D:2:      lemuel_crystal_altar, grunt_ministairs_13,
          nemelex_diamond_rough_becter, uniq_natasha, uniq_sigmund
D:3:      serial_glass, glass_columns_a, glass_columns_b
D:4:      gammafunk_temple_overflow_elements, enter_ossuary_2, first_bread,
          uniq_grinder
D:5:      kennysheep_mini
D:6:      marbit_many_paths, kennysheep_mini_moat, minmay_misc_feat_rows,
          minivault_14
D:7:      fedhas_altar_4, temple_fountains, serial_shops, shop, shop
Temple:   chambers_temple_12
Ossuary:  ossuary_boxes_badplayer

Skill      XL: |  1  2  3  4  5  6  7  8  9 |
---------------+----------------------------+-----
Unarmed Combat | 4 5 6 7 8 9 |  9.2
Transmutations | 3 4 5 6 7 |  7.2
Fighting       | 1 3 5 |  5.0
Charms         | 2 |  2.7
Air Magic      | 2 |  2.2
Dodging        | 3 |  3.2
Spellcasting   | |  2.1

Action                   |  1- 3 |  4- 6 |  7- 9 || total
-------------------------+-------+-------+-------++-------
Melee: Unarmed           |   106 |   225 |   499 ||   830
 Cast: Beastly Appendage |       |     2 |       ||     2
       Sticks to Snakes  |       |       |     3 ||     3
Evoke: Wand              |       |       |     3 ||     3
  Use: Scroll            |     6 |     1 |     7 ||    14
       Potion            |     2 |       |     1 ||     3
 Stab: Distracted        |       |       |     1 ||     1
       Sleeping          |       |       |     1 ||     1
  Eat: Chunk             |     1 |     6 |    11 ||    18
       Beef jerky        |       |       |     1 ||     1
       Bread ration      |       |       |     1 ||     1
       Pizza             |       |       |     1 ||     1
